 Dungeon Crawl Stone Soup version 0.27.0-1-g7a08968 (webtiles) character file.

Game seed: 8134068054982841962

2228 NeededCrab the Summoner (level 9, -3/57 HPs)
             Began as a Barachi Summoner on Oct 20, 2021.
             Slain by a komodo dragon (5 damage)
             ... on level 7 of the Dungeon.
             The game lasted 00:29:31 (10047 turns).

NeededCrab the Summoner (Barachi Summoner)         Turns: 10047, Time: 00:29:32

Health: -3/57      AC:  6    Str:  9    XL:     9   Next: 36%
Magic:  3/18       EV: 12    Int: 19    God:
Gold:   1475       SH:  0    Dex: 13    Spells: 10/20 levels left

rFire    . . .     SeeInvis .   A - +11 quarterstaff "Jafal" {flame, rElec rPois Will+}
rCold    . . .     Faith    .   (shield currently unavailable)
rNeg     . . .     Spirit   .   t - +2 robe {Will+}
rPois    +         Reflect  .   C - +2 hat
rElec    +         Harm     .   (no cloak)
rCorr    .         Rampage  .   (no gloves)
Will     ++...                  (no boots)
Stlth    ++........             y - amulet of regeneration
HPRegen  1.19/turn              (no ring)
MPRegen  0.16/turn              (no ring)

@: unable to hop, slow
A: amphibious, slowness 1, strong legs 1, +LOS
a: Hop


You were on level 7 of the Dungeon.
You visited 2 branches of the dungeon, and saw 8 of its levels.

You collected 1517 gold pieces.
You spent 42 gold pieces at shops.

Inventory:

Hand Weapons
 b - a +1 short sword of venom
 f - a +1 dagger of flaming
 w - a +0 falchion
 A - the +11 quarterstaff "Jafal" (weapon) {flame, rElec rPois Will+}
   (You found it on level 5 of the Dungeon)

   It burns those it strikes, dealing additional fire damage.
   rElec:     It insulates you from electricity.
   rPois:     It protects you from poison.
   Will:      It increases your willpower.
Missiles
 e - 4 silver javelins
Armour
 a - a +0 robe
 j - a +0 leather armour
 t - a +2 robe of willpower (worn)
 B - a +1 plate armour
 C - a +2 hat (worn)
 E - a +0 ring mail of positive energy
Jewellery
 x - a ring of fire
 y - an amulet of regeneration (around neck)
Wands
 m - a wand of flame (6)
 s - a wand of iceblast (25)
 H - a wand of paralysis (13)
Scrolls
 c - 4 scrolls of blinking
 h - a scroll of amnesia
 k - 2 scrolls of fear
 l - a scroll of enchant armour
 r - a scroll of brand weapon
 u - a scroll of holy word
 z - 2 scrolls of noise
Potions
 d - 2 potions of mutation
 g - 2 potions of flight
 i - a potion of berserk rage {unknown}
 n - 2 potions of degeneration {unknown}
 o - a potion of resistance {unknown}
 p - a potion of haste {unknown}
 q - 2 potions of lignification
 v - a potion of brilliance {unknown}
 D - 2 potions of curing {unknown}
 F - 2 potions of cancellation
 G - a potion of ambrosia {unknown}


   Skills:
 + Level 7.0 Armour
 - Level 2.1 Dodging
 - Level 1.7 Stealth
 + Level 6.4 Spellcasting
 + Level 9.2 Summonings
 + Level 6.1 Air Magic


You had 10 spell levels left.
You knew the following spells:

 Your Spells              Type           Power      Damage    Failure   Level
a - Summon Small Mammal   Summ           100%       N/A       1%          1
b - Call Imp              Summ           41%        N/A       1%          2
c - Call Canine Familiar  Summ           41%        N/A       1%          3
d - Summon Lightning Spi  Summ/Air       35%        N/A       4%          4

Your spell library contained the following spells:

 Spells                   Type           Power      Damage    Failure   Level
 Summon Guardian Golem    Hex/Summ       23%        N/A       4%          3
 Foxfire                  Conj/Fire      24%        2x1d5     11%         1
 Conjure Flame            Conj/Fire      6%         6-21      32%         3
 Inner Flame              Hex/Fire       6%         N/A       32%         3


Dungeon Overview and Level Annotations

Branches:
Dungeon (7/15)             Temple (1/1) D:7

Altars:
Ashenzari
Elyvilon
Hepliaklqana
Kikubaaqudgha
Makhleb
Okawaru
Qazlal
Ru
Sif Muna
Trog
Uskayaw
Vehumet
Wu Jian
Xom
Yredelemnul
Zin
The Shining One

Shops:
D:4 (


Innate Abilities, Weirdness & Mutations

You are amphibious.
You cover ground slowly.
You can hop short distances.
You have an extended range of vision and can be seen from far away.


Message History

An arrow appears from out of your range of vision.
The arrow completely misses your hound.
The komodo dragon bites you but does no damage.
Your hound bites the komodo dragon but does no damage.
The komodo dragon bites you but does no damage.
You hear a twanging sound.
An arrow appears from out of your range of vision.
The arrow hits your hound!
Your hound bites the komodo dragon.
Your crimson imp hits the komodo dragon but does no damage.
You hear a twanging sound.
An arrow appears from out of your range of vision.
The arrow hits your hound!
Your hound dies!
Your hound's corpse disappears in a puff of smoke!
The komodo dragon bites you!
* * * LOW HITPOINT WARNING * * *
Casting: Call Imp (safe; 1% risk of failure)
Confirm with . or Enter, or press ? or * to list all spells.
A metallic apparition takes form in the air.
Your crimson imp closely misses the komodo dragon.
The komodo dragon bites you but does no damage.
You swap places.
Your crimson imp hits the komodo dragon but does no damage.
Your iron imp hits the komodo dragon!
Casting: Call Imp (safe; 1% risk of failure)
Confirm with . or Enter, or press ? or * to list all spells.
A beastly little devil appears in a puff of flame.
The centaur unwields a +0 shortbow.
The centaur closely misses your crimson imp.
The centaur barely misses your crimson imp.
The komodo dragon bites you!!
* * * LOW HITPOINT WARNING * * *
It was a potion of cancellation.
You feel magically purged.
The centaur wields a +0 shortbow.
The centaur shoots an arrow.
The arrow hits your crimson imp!
Your crimson imp dies!
Your iron imp hits the komodo dragon.
Your crimson imp barely misses the komodo dragon.
The komodo dragon bites you.
You die...

O###..###...####..#..P.P#..######
###.....###...##................#
#..#......###...#.#######.#####.#
##.#........###.......8.#.....#.#
..O#..........c...#####.#####.#.#
##.#....c...###...# h. #.#.#
...#......####..5.# #.# #.#.#
##W#....####..#5l.# #.# #.#.#
..l#5.####...##.@.# #.# #.#..
##..####...#.##...# #.# #.#..
#..###...#.#.##...# #.# #.#.#
###W..W#.#.#.##...# #.# #.#.#
).####..O#.#.##...#######.# #.#.#
#.)).###.l.#.##........##.# #.#.#
####...###.[.##...<....##.###.#.#
.....#...###..#(.......##.....#.#
####.###...###.........##..####.#


You could see a komodo dragon (ally target), a centaur, a friendly iron imp
(summoned) and a friendly crimson imp (summoned).

Vanquished Creatures
  A boulder beetle (D:7)
  A necrophage (D:6)
  A sky beast (D:7)
  A centaur (D:7)
  2 scorpions
  A wight (D:7)
  A bullfrog zombie (D:7)
  2 hounds
  2 centaur skeletons
  2 bullfrog skeletons
  Jessica (D:2)
  2 orc wizards (D:7)
  3 iguanas
  2 gnolls (D:5)
  3 adders
  A worm (D:2)
  4 orcs (D:7)
  4 ball pythons
  An endoplasm (D:2)
  4 goblins
  3 hobgoblins
  5 jackals
  A kobold (D:3)
  2 quokkas (D:3)
  A bat (D:3)
  A frilled lizard (D:2)
  3 rats
  2 bushes (D:2)
57 creatures vanquished.

Vanquished Creatures (collateral kills)
  A two-headed ogre (D:7)
  A water moccasin (D:7)
  A sky beast (D:7)
  A centaur (D:5)
  An ogre (D:5)
  A bullfrog (D:5)
  A scorpion (D:6)
  2 bullfrog zombies
  A centaur skeleton (D:7)
  3 hounds (D:5)
  2 orc wizards (D:7)
  A scorpion zombie (D:5)
  An iguana (D:3)
  A howler monkey zombie (D:5)
  9 gnolls
  3 adders
  An adder zombie (D:5)
  An adder skeleton (D:5)
  A worm (D:2)
  3 dart slugs
  7 orcs
  2 endoplasms
  A giant cockroach (D:1)
  5 hobgoblins
  4 jackals (D:4)
  A kobold (D:4)
  2 quokkas
  2 ball pythons
  A bat (D:2)
  3 frilled lizards (D:1)
  4 goblins
  2 rats (D:3)
  A spectral orc (D:3)
71 creatures vanquished.

Vanquished Creatures (others)
  16 plants
  9 withered plants (D:1)
25 creatures vanquished.

Grand Total: 153 creatures vanquished

Notes
Turn   | Place    | Note
-------+----------+-------------------------------------------
     0 | D:1      | NeededCrab the Barachi Summoner began the quest for the
                  | Orb.
     0 | D:1      | Reached XP level 1. HP: 13/13 MP: 3/3
    62 | D:1      | Reached skill level 5 in Summonings
   245 | D:1      | Reached XP level 2. HP: 19/19 MP: 3/5
   248 | D:1      | Learned a level 2 spell: Call Imp
   597 | D:1      | Found a faded altar of an unknown god.
   675 | D:1      | Reached skill level 1 in Armour
  1536 | D:2      | Reached XP level 3. HP: 13/24 MP: 0/6
  1719 | D:1      | Learned a level 3 spell: Call Canine Familiar
  2230 | D:2      | Noticed Jessica
  2415 | D:2      | Killed Jessica
  2416 | D:2      | Reached XP level 4. HP: 6/30 MP: 1/8
  2711 | D:2      | HP: 1/30 [worm (11)]
  3513 | D:2      | You fall into a shaft and drop 2 floors!
  3516 | D:4      | Noticed a scorpion
  3966 | D:3      | Found a basalt altar of Yredelemnul.
  4030 | D:3      | Reached skill level 6 in Summonings
  4924 | D:3      | Reached XP level 5. HP: 10/35 MP: 1/9
  5002 | D:3      | Learned a level 4 spell: Summon Lightning Spire
  5284 | D:4      | Reached skill level 1 in Air Magic
  6013 | D:4      | Found Nuhit's Weapon Boutique.
  6016 | D:4      | Bought a +0 falchion for 42 gold pieces
  6023 | D:4      | Found a broken altar of Ashenzari.
  6233 | D:4      | Found an iron altar of Okawaru.
  6242 | D:4      | Found a hide-covered altar of Uskayaw.
  6247 | D:4      | Found a white marble altar of Elyvilon.
  6260 | D:4      | Became a worshipper of Elyvilon the Healer
  6458 | D:5      | Entered Level 5 of the Dungeon
  6460 | D:5      | Fell from the grace of Elyvilon
  6523 | D:5      | Noticed a necrophage
  6529 | D:5      | Reached XP level 6. HP: 39/41 MP: 2/11
  6962 | D:5      | Identified the +11 quarterstaff "Jafal" {flame, rElec rPois
                  | Will+}
  7079 | D:5      | Found a stormy altar of Qazlal.
  7223 | D:5      | Reached XP level 7. HP: 42/46 MP: 5/13
  7265 | D:5      | Reached skill level 7 in Summonings
  8590 | D:7      | Identified a scroll of acquirement
  8590 | D:7      | Acquired 1214 gold pieces
  8652 | D:7      | Reached XP level 8. HP: 52/52 MP: 8/15
  8695 | D:7      | Reached skill level 5 in Armour
  8695 | D:7      | Found a hazy altar of Hepliaklqana.
  8717 | D:7      | Found a staircase to the Ecumenical Temple.
  8727 | Temple   | Entered the Ecumenical Temple
  8938 | D:7      | Reached skill level 5 in Spellcasting
  9543 | D:7      | Reached skill level 8 in Summonings
  9582 | D:7      | Noticed a komodo dragon
  9582 | D:7      | Noticed a wraith
  9582 | D:7      | Noticed a two-headed ogre
  9582 | D:7      | Noticed a boulder beetle
  9582 | D:7      | Noticed a two-headed ogre
  9817 | D:7      | Killed a two-headed ogre
  9818 | D:7      | Reached skill level 5 in Air Magic
  9818 | D:7      | Reached XP level 9. HP: 57/57 MP: 0/17
  9938 | D:7      | Killed a boulder beetle
  9939 | D:7      | Reached skill level 9 in Summonings
 10046 | D:7      | HP: 1/57 [komodo dragon (20)]
 10047 | D:7      | Slain by a komodo dragon

Illustrated notes

Levels and vault maps discovered:
D:1:      nzn_arrival_depleted_hourglass, layout_basic,
          shapermc_ecumenical_altar_flowoftime, chequers_jeans, minivault_5
D:2:      layout_loops_ring, serial_forest, infiniplex_forest_lined_room_,
          infiniplex_forest_end_3, infiniplex_forest_end_2,
          infiniplex_forest_clump_diagonal, uniq_jessica
D:3:      layout_basic, yredelemnul_forgotten_temple_becter,
          kennysheep_minor_cross, minmay_crystal_water, kennysheep_path_1,
          minmay_misc_feat_iff, lightli_corner_chamber
D:4:      layout_rooms, cheibrodos_ashenzari_chains, minitemple, serial_shops,
          nicolae_shop_behind_doors, minmay_hedge_maze, amethyst_killhole,
          minmay_goblin_outpost
D:5:      layout_rooms, grunt_qazlal_sundering, kennysheep_small_circle
D:6:      layout_basic, minmay_fountain_box, hangedman_decor_push,
          supply_closet_lemuel, eino_small_chamber_without_monster
D:7:      minmay_the_grid_triangle_9x9_rhombus_thin
          [minmay_the_grid_triangle_9x9_from_above,
          minmay_the_grid_triangle_9x9_prize_top_heavy,
          minmay_the_grid_triangle_9x9_steps,
          minmay_the_grid_triangle_9x9_empty], layout_basic,
          nicolae_hepliaklqana_hazy_memory, temple_pool_b, enter_bailey_2,
          amcnicky_mini_corridor_feature
Temple:   cyrus_temple_forest

Skill      XL: |  1  2  3  4  5  6  7  8  9 |
---------------+----------------------------+-----
Summonings     | 5 6 7 8 9 |  9.2
Armour         | 1 2 3 4 6 7 |  7.0
Spellcasting   | 3 4 5 6 |  6.4
Air Magic      | 2 4 5 6 |  6.1
Dodging        | |  2.1
Stealth        | |  1.7

Action                   |  1- 3 |  4- 6 |  7- 9 || total
-------------------------+-------+-------+-------++-------
Melee: Short sword       |    63 |   149 |       ||   212
       Quarterstaff      |       |     6 |    91 ||    97
 Cast: Summon Small Mamm |    13 |     2 |     1 ||    16
       Call Imp          |    31 |    53 |    32 ||   116
       Call Canine Famil |       |    23 |    21 ||    44
       Summon Lightning  |       |     1 |     9 ||    10
Invok: Renounce Religion |       |     1 |       ||     1
 Abil: Hop               |     1 |     2 |     3 ||     6
  Use: Scroll            |       |       |    12 ||    12
       Potion            |       |       |     2 ||     2
 Stab: Sleeping          |     2 |     2 |       ||     4
       Distracted        |       |     1 |       ||     1
Armor: Robe              |     4 |    24 |    32 ||    60
       Leather armour    |       |     2 |       ||     2
       Skin              |       |       |     5 ||     5
Dodge: Dodged            |    30 |    66 |    48 ||   144
